 Dungeon Crawl Stone Soup version 0.20-a0-201-g851c6fa (webtiles) character file.

4203 KristoblXynda the Nimble (level 10, -9/49 HPs)
             Began as a Spriggan Berserker on Nov 24, 2016.
             Was an Elder of Trog.
             Killed from afar by an electric eel (14 damage)
             ... with a bolt of electricity
             ... on level 8 of the Dungeon.
             The game lasted 00:24:20 (10050 turns).

KristoblXynda the Nimble (Spriggan Berserker)      Turns: 10050, Time: 00:24:21

Health: -9/49      AC:  3    Str: 13    XL:     10   Next: 8%
Magic:  11/11      EV: 28    Int: 10    God:    Trog [****..]
Gold:   436        SH:  0    Dex: 18    Spells: 9/9 levels left

rFire  . . .     SeeInvis +     a - +0 short sword
rCold  . . .     Gourm    .     b - +1 animal skin
rNeg   . . .     Faith    .     (shield restricted)
rPois  .         Spirit   .     (helmet restricted)
rElec  .         Reflect  .     (no cloak)
rCorr  .         Harm     .     (gloves unavailable)
MR     ++++.                    (boots unavailable)
Stlth  ++++++....               (no amulet)
                                h - ring of stealth
                                e - ring of protection from magic

@: exhausted, regenerating, slowed, quick
A: unfitting armour, see invisible, herbivore 3, speed 3, slow metabolism 2
a: Berserk, Trog's Hand, Brothers in Arms, Burn Spellbooks, Renounce Religion


You were on level 8 of the Dungeon.
You worshipped Trog.
Trog was greatly pleased with you.
You were very hungry.

You visited 2 branches of the dungeon, and saw 9 of its levels.

You collected 436 gold pieces.

Inventory:

Hand Weapons
 a - a +0 short sword (weapon)
Missiles
 k - 5 tomahawks of returning (quivered)
 r - a throwing net
Armour
 b - a +1 animal skin (worn)
Jewellery
 e - a ring of protection from magic (left hand)
 h - a ring of stealth (right hand)
Scrolls
 d - a scroll of enchant armour
 l - 2 scrolls of remove curse
 m - 2 scrolls of amnesia
 o - a scroll of recharging
Potions
 g - a potion of might
 j - a potion of magic
 p - 3 potions of flight
Books
 n - a book of Maledictions

   Spells                             Type                      Level
   a - Corona                         Hexes                        1
   b - Ensorcelled Hibernation        Hexes/Ice                    2
   c - Confuse                        Hexes                        3
   d - Tukima's Dance                 Hexes                        3
   e - Dazzling Spray                 Conjuration/Hexes            3
   Trog disapproves of the use of such an item.
Comestibles
 c - 7 bread rations
 f - 7 slices of pizza
 q - 16 fruits


   Skills:
 + Level 3.0 Fighting
 + Level 9.8 Short Blades
 + Level 4.0 Throwing
 - Level 12.0 Dodging
 - Level 11.2 Stealth


You had 9 spell levels left.
You didn't know any spells.

Dungeon Overview and Level Annotations

Branches:
Dungeon (8/15)             Temple (1/1) D:6
   Lair: D:8-11

Altars:
Ashenzari
Cheibriados
Dithmenos
Elyvilon
Fedhas
Gozag
Hepliaklqana
Kikubaaqudgha
Makhleb
Nemelex Xobeh
Okawaru
Qazlal
Ru
Sif Muna
Trog
Uskayaw
Vehumet
Xom
Yredelemnul
The Shining One

Annotations:
D:5 patrickswayze's ghost, novice DECK
D:8 herpmino's ghost, novice FoFE


Innate Abilities, Weirdness & Mutations

You are very small and have problems with some larger weapons.
You are too small for most types of armour.
You have supernaturally acute eyesight. (SInv)
You are a herbivore.
You cover ground extremely quickly.
You need consume almost no food.


Message History

You hear a splash.
You enter the shallow water.
Moving in this stuff is going to be slow.
A centaur comes into view.
You are no longer berserk.
You are exhausted.
You feel yourself slow down.
The electric eel shoots out a bolt of lightning at you!
The bolt of electricity hits you!
* * * LOW HITPOINT WARNING * * *
The bolt of electricity hits you!
* * * LOW HITPOINT WARNING * * *
The bolt of electricity misses the electric eel.
You see here an electric eel corpse.
Okay, then.
Okay, then.
You feel the effects of Trog's Hand fading.
The electric eel shoots out a bolt of lightning at you!
The bolt of electricity hits you!
You die...

#.# #.# # #.# #.##
# #.# #..# ### #)#
#≈# ##.####.)
#.##≈≈# #÷##...#
#..#≈≈######......|
#..#≈≈##...#.###...
#..#≈≈≈#.......#...
#.@#≈≈≈#P.......#.#
#..#≈≈≈$≈....W....#
#..;≈≈≈≈...<....###
#..≈≈≈Pc.......##.≈
#...≈≈≈≈P......#.≈≈
#..)≈≈≈≈.......'...
#..≈≈≈≈≈P......#.≈≈
#...P≈≈≈≈......##.≈
#...≈≈≈PP....... ##


You could see an electric eel.

Vanquished Creatures
  A two-headed ogre (D:8)
  A hippogriff (D:7)
  4 hogs (D:7)
  A human (D:7)
  A water moccasin (D:6)
  3 sky beasts
  2 orc warriors
  A black bear (D:6)
  3 ice beasts
  3 phantoms
  5 ogres
  A centaur (D:7)
  3 bullfrogs
  3 scorpions
  3 killer bees
  An electric eel (D:8)
  2 bullfrog zombies
  4 crimson imps
  A centaur zombie (D:7)
  3 hounds
  2 orc priests
  A centaur skeleton (D:7)
  4 orc wizards
  4 iguanas
  2 worker ants
  A hound zombie (D:6)
  A hound skeleton (D:6)
  A worker ant zombie (D:6)
  5 gnolls
  6 adders
  2 shadow imps
  An ooze (D:1)
  3 adder skeletons
  3 worms (D:3)
  A dart slug (D:3)
  A leopard gecko (D:8)
  20 orcs
  7 giant cockroaches
  12 goblins
  6 hobgoblins
  9 jackals
  7 kobolds
  4 quokkas
  A ball python (D:3)
  2 bats
  5 frilled lizards
  A jackal skeleton (D:6)
  8 rats
166 creatures vanquished.

Vanquished Creatures (others)
  3 fungi (D:8)
  3 plants (D:8)
6 creatures vanquished.

Grand Total: 172 creatures vanquished

Notes
Turn   | Place    | Note
-------+----------+-------------------------------------------
     0 | D:1      | KristoblXynda the Spriggan Berserker began the quest for the Orb.
     0 | D:1      | Reached XP level 1. HP: 11/11 MP: 2/2
   108 | D:1      | Reached skill level 1 in Stealth
   277 | D:1      | Reached XP level 2. HP: 16/16 MP: 3/3
   551 | D:1      | Reached skill level 5 in Dodging
   557 | D:1      | Found a sparkling altar of Nemelex Xobeh.
   830 | D:2      | Reached XP level 3. HP: 19/19 MP: 4/4
  1233 | D:2      | Reached ** piety under Trog
  1677 | D:3      | Noticed an ice beast
  1815 | D:3      | Reached XP level 4. HP: 20/23 MP: 5/5
  2659 | D:3      | HP: 1/23 [goblin/dagger (3)]
  3121 | D:3      | Reached skill level 6 in Dodging
  3121 | D:3      | Reached XP level 5. HP: 27/27 MP: 6/6
  3314 | D:3      | Found a stormy altar of Qazlal.
  3805 | D:4      | Noticed an ogre
  3810 | D:4      | Killed an ogre
  3810 | D:4      | Reached skill level 5 in Stealth
  3810 | D:4      | Reached XP level 6. HP: 32/32 MP: 7/7
  3976 | D:4      | Found a white marble altar of Elyvilon.
  3976 | D:4      | Found a sacrificial altar of Ru.
  4351 | D:5      | Entered Level 5 of the Dungeon
  4354 | D:5      | Noticed an ice beast
  4413 | D:5      | Noticed patrickswayze's ghost (novice DECK)
  4476 | D:5      | Reached skill level 5 in Short Blades
  4555 | D:5      | Found an opulent altar of Gozag.
  4562 | D:5      | Killed an ice beast
  4562 | D:5      | Reached skill level 7 in Dodging
  4745 | D:5      | Noticed an ice beast
  4751 | D:5      | Killed an ice beast
  4860 | D:5      | Reached XP level 7. HP: 35/35 MP: 8/8
  5037 | D:5      | Reached skill level 8 in Dodging
  5345 | D:6      | Reached *** piety under Trog
  5758 | D:6      | Reached skill level 9 in Dodging
  5758 | D:6      | Reached XP level 8. HP: 35/39 MP: 9/9
  5996 | D:6      | Found a staircase to the Ecumenical Temple.
  6014 | Temple   | Entered the Ecumenical Temple
  6504 | D:6      | Found an iron altar of Okawaru.
  6505 | D:6      | Found a hazy altar of Hepliaklqana.
  6507 | D:6      | Found an ancient bone altar of Kikubaaqudgha.
  6508 | D:6      | Found a glowing golden altar of the Shining One.
  6624 | D:6      | Reached skill level 10 in Dodging
  6631 | D:6      | Reached skill level 10 in Stealth
  6956 | D:7      | Reached XP level 9. HP: 37/43 MP: 10/10
  7556 | D:6      | Reached **** piety under Trog
  7692 | D:7      | Reached skill level 11 in Dodging
  8183 | D:7      | Reached skill level 1 in Throwing
  8341 | D:7      | Received a gift from Trog
  9108 | D:7      | Reached skill level 12 in Dodging
  9344 | D:8      | Reached XP level 10. HP: 45/48 MP: 11/11
  9911 | D:8      | Found a burning altar of Makhleb.
  9912 | D:8      | Noticed herpmino's ghost (novice FoFE)
 10050 | D:8      | Killed from afar by an electric eel

Vault maps used:
D:1:      saegor_arrival_simple_d, grunt_decor_arrowhead,
          nemelex_diamond_rough_becter
D:2:      guppyfry_early_lair_pool
D:3:      lemuel_coloured_pillars_altar, first_bread
D:4:      gammafunk_temple_overflow_wave
D:5:      grunt_gozag_breadcrumbs
D:6:      minitemple, kennysheep_generic_room_9
D:7:      wad_pebble_path, grunt_livestock
D:8:      makhleb_grotto_becter, dpeg_oklobed_lair, dk_vineyard_3,
          chequers_big_river
Temple:   jpeg_temple_clearing

Skill      XL: |  1  2  3  4  5  6  7  8  9 10 |
---------------+-------------------------------+-----
Stealth        | 1 2 3 4 5 6 8 10 11 | 11.2
Dodging        | 5 6 7 9 10 12 | 12.0
Short Blades   | 4 5 6 8 9 |  9.8
Throwing       | 3 4 |  4.0
Fighting       | 3 |  3.0

Action                   |  1- 3 |  4- 6 |  7- 9 | 10-12 || total
-------------------------+-------+-------+-------+-------++-------
Melee: Short sword       |   127 |   112 |   621 |    87 ||   947
       Dagger            |    40 |    76 |       |       ||   116
Throw: Throwing net      |     2 |     4 |       |       ||     6
       Tomahawk          |       |     5 |    17 |     2 ||    24
Invok: Berserk           |       |     2 |     9 |     1 ||    12
       Trog's Hand       |       |       |     3 |     1 ||     4
  Use: Scroll            |     4 |     5 |     2 |       ||    11
       Potion            |       |     3 |     1 |       ||     4
 Stab: Distracted        |     1 |     3 |     7 |       ||    11
       Sleeping          |     5 |     9 |    15 |     1 ||    30
       Held in net/web   |     1 |     3 |       |       ||     4
       Invisible         |       |     3 |       |       ||     3
  Eat: Fruit             |       |     1 |    16 |       ||    17
       Pizza             |       |     1 |       |       ||     1
Armor: Animal skin       |     6 |     6 |    24 |     1 ||    37
Dodge: Dodged            |   126 |   115 |   432 |    45 ||   718
